 Dungeon Crawl Stone Soup version 0.28.0-49-g6dfe1f597d (webtiles) character file.

Game seed: 10988341150954493383

231477 Duralumin the Sensei (level 18, -25/181 (199) HPs)
             Began as a Grey Draconian Transmuter on May 7, 2022.
             Was a Believer of Elyvilon.
             Killed from afar by a deep elf sorcerer (44 damage)
             ... with a bolt of acid
             ... on level 3 of the Elven Halls on May 14, 2022.
             The game lasted 06:36:30 (51467 turns).

Duralumin the Sensei (Grey Draconian Transmuter)   Turns: 51467, Time: 06:36:32

HP:   -25/181 (199) AC:  8    Str:  9    XL:     18   Next: 79%
MP:   27/30         EV: 11    Int: 20    God:    Elyvilon [**....]
Gold: 2945          SH:  0    Dex: 13    Spells: 16/33 levels left

rFire   x . .      SeeInvis .     - Unarmed
rCold   + + +      Faith    .   (shield currently unavailable)
rNeg    . . .      Spirit   .   (armour unavailable)
rPois   +          Reflect  .   (helmet currently unavailable)
rElec   .          Harm     .   (cloak currently unavailable)
rCorr   .          Rampage  .   (gloves currently unavailable)
Will    ++...                   (boots currently unavailable)
Stlth   +.........              (no amulet)
HPRegen 0.40/turn               a - ring of willpower
MPRegen 0.22/turn               j - +4 ring of protection

@: ice-form, corroded, studying Crossbows, drained
A: freezing attack, boosted hp, AC +15, amphibious, large, unfitting armour,
(cold-blooded), [weak 2]
}: 1/15 runes: gossamer
a: End Transformation, Renounce Religion, Purification, Heal Other


You were on level 3 of the Elven Halls.
You worshipped Elyvilon.
Elyvilon was pleased with you.
You were a creature of crystalline ice.
You visited 7 branches of the dungeon, and saw 32 of its levels.
You visited the Abyss 3 times.
You also visited: Ice Cave.

You collected 4549 gold pieces.
You spent 1604 gold pieces at shops.

Inventory:

Missiles
 h - 29 poisoned darts
 C - 5 throwing nets
Armour
 i - an orb of light
 n - a +1 pair of gloves (melded)
 t - a +0 pair of boots (melded)
 v - a +1 buckler (melded)
 Q - a +1 hat of stealth (melded)
 Y - a +2 cloak of preservation (melded)
Magical Staves
 S - a staff of cold
Jewellery
 a - a ring of willpower (left front paw)
 b - the amulet "Coibb" {Reflect Harm rF- Int+5 Slay+2 SH+5}
   (You took it off a deep elf pyromancer on level 10 of the Dungeon)

   [amulet of reflection]

   It reflects blocked missile attacks.
   Int:       It affects your intelligence (+5).
   Slay:      It affects your accuracy & damage with ranged weapons and melee
   (+2).
   rF:        It makes you vulnerable to fire.
   SH:        It affects your SH (+5).
   Harm:      It increases damage dealt and taken.
 e - the ring of Exiuc {rF+ rCorr Str-5 Int+7 SInv}
   (You acquired it on level 1 of the Shoals)

   [ring of see invisible]

   Str:       It affects your strength (-5).
   Int:       It affects your intelligence (+7).
   rF:        It protects you from fire.
   SInv:      It lets you see invisible.
   rCorr:     It protects you from acid and corrosion.
 j - a +4 ring of protection (right front paw)
 k - a +6 ring of strength
 y - a ring of poison resistance
 B - a ring of protection from cold
 D - a +4 ring of protection
 M - a ring of positive energy
 O - a ring of positive energy
Wands
 l - a wand of polymorph (10)
 r - a wand of iceblast (5)
 u - a wand of flame (1)
 A - a wand of acid (4)
 P - a wand of paralysis (6)
Scrolls
 c - 7 scrolls of fog
 d - 9 scrolls of teleportation
 g - 3 scrolls of blinking
 s - 3 scrolls of silence
 H - 5 scrolls of fear
 U - 3 scrolls of summoning
 Z - 12 scrolls of identify
Potions
 f - a potion of ambrosia
 m - a potion of berserk rage
 o - a potion of haste
 p - 5 potions of lignification
 w - 7 potions of might
 x - 9 potions of attraction
 z - 2 potions of cancellation
 E - 8 potions of curing
 F - 3 potions of invisibility
 I - 3 potions of brilliance
 J - a potion of magic
 L - 2 potions of flight
 R - 2 potions of resistance
Miscellaneous
 N - a phial of floods


   Skills:
 - Level 16.1 Fighting
 - Level 5.0 Dodging
 - Level 5.1 Shields
 - Level 23.0 Unarmed Combat
 + Level 8.1 Spellcasting
 - Level 5.1 Translocations
 + Level 7.5 Transmutations
 - Level 5.3 Ice Magic
 - Level 15.0 Invocations


You had 16 spell levels left.
You knew the following spells:

 Your Spells              Type           Power      Damage    Failure   Level
a - Beastly Appendage     Tmut           76%        N/A       1%          1
b - Wereblood             Tmut           38%        N/A       1%          2
c - Spider Form           Tmut/Pois      23%        N/A       5%          3
d - Ice Form              Ice/Tmut       33%        N/A       6%          4
e - Apportation           Tloc           56%        N/A       1%          1
f - Frozen Ramparts       Ice            58%        1d7       2%          3
g - Ozocubu's Armour      Ice            29%        N/A       2%          3

Your spell library contained the following spells:

 Spells                   Type           Power      Damage    Failure   Level
 Freeze                   Ice            100%       1d11      1%          1
 Animate Skeleton         Necr           16%        N/A       9%          1
 Foxfire                  Conj/Fire      32%        2x1d5     9%          1
 Shock                    Conj/Air       32%        1d5       9%          1
 Summon Small Mammal      Summ           32%        N/A       9%          1
 Ignite Poison            Fire/Tmut/Pois 18%        N/A       9%          3
 Corpse Rot               Necr/Air       16%        N/A       13%         2
 Conjure Flame            Conj/Fire      8%         6-21      26%         3
 Inner Flame              Hex/Fire       8%         N/A       26%         3
 Tukima's Dance           Hex            8%         N/A       26%         3
 Hailstorm                Conj/Ice       18%        3d6       28%         4
 Alistair's Intoxication  Tmut/Pois      15%        N/A       45%         5
 Anguish                  Hex/Necr       4%         N/A       63%         4
 Dispel Undead            Necr           8%         3d8       63%         4
 Flame Wave               Conj/Fire      8%         2d5       63%         4
 Leda's Liquefaction      Hex/Erth       4%         N/A       63%         4
 Sticky Flame             Conj/Fire      8%         2d3       63%         4
 Iskenderun's Battlesphe  Conj           8%         2d6       93%         5
 Lee's Rapid Deconstruct  Erth           4%         3d6*      93%         5
 Statue Form              Tmut/Erth      15%        N/A       95%         6
 Simulacrum               Ice/Necr       9%         N/A       99%         6
 Death Channel            Necr           4%         N/A       100%        6
 Starburst                Conj/Fire      4%         6d3       100%        6
 Enfeeble                 Hex            4%         N/A       100%        7
 Ozocubu's Refrigeration  Ice            14%        4d7       100%        7


Dungeon Overview and Level Annotations

Branches:
Dungeon (15/15)            Temple (1/1) D:4            Lair (6/6) D:8
 Shoals (1/4) Lair:3       Spider (4/4) Lair:4        Slime (0/5) Lair:6
    Orc (2/2) D:11            Elf (3/3) Orc:2        Vaults (0/5) D:13
 Depths (0/4) D:15          IceCv (visited)

Altars:
Ashenzari
Cheibriados
Dithmenos
Elyvilon
Fedhas
Gozag
Hepliaklqana
Kikubaaqudgha
Makhleb
Nemelex Xobeh
Okawaru
Qazlal
Ru
Sif Muna
Trog
Uskayaw
Vehumet
Wu Jian
Xom
Yredelemnul
Zin
The Shining One
Jiyva

Shops:
D:5 :   D:10 *   D:13 *   Orc:2 ![(*[

Annotations:
Lair:6 1 runed translucent door
Elf:2 4 runed translucent doors, exclusion: 4 doors


Innate Abilities, Weirdness & Mutations

You are a creature of crystalline ice.
You have a powerful freezing melee attack.
Your maximum health is increased.
Your armour is entirely melded.
You are incapable of wielding weapons or throwing items.
((Your dull iron-grey scales are very hard. (AC +15)))
You are amphibious.
You cannot fit into any form of body armour.
((You are cold-blooded and may be slowed by cold attacks.))
[You are very weak. (Str -4)]


Message History

The deep elf sorcerer hits you with a +0 short sword.
The deep elf sorcerer barely misses you.
You hit the ghostly deep elf death mage.
You freeze the ghostly deep elf death mage.
The ghostly deep elf death mage is severely damaged.
The deep elf sorcerer hits you with a +0 short sword.
The ghostly deep elf death mage casts a spell at you.
The bolt of negative energy hits you!!
You feel drained.
* * * LOW HITPOINT WARNING * * *
The deep elf sorcerer shouts, "You can't withstand my power!"
The deep elf sorcerer hits you with a +0 dagger.
* * * LOW HITPOINT WARNING * * *
You barely miss the ghostly deep elf death mage.
The ghostly deep elf death mage is severely damaged.
The deep elf sorcerer hits you but does no damage.
The deep elf sorcerer hits you with a +0 dagger!
* * * LOW HITPOINT WARNING * * *
The ghostly deep elf death mage casts a spell at you.
The bolt of negative energy hits you!!
You feel drained.
* * * LOW HITPOINT WARNING * * *
Okay, then.
Unknown command.
Unknown command.
Unknown command.
Unknown command.
Unknown command.
You feel much better.
The deep elf sorcerer gestures at you while chanting.
The bolt of acid hits you!!
* * * LOW HITPOINT WARNING * * *
The acid corrodes you! The deep elf sorcerer misses you.
The ghostly deep elf death mage closely misses you.
You feel much better.
The deep elf sorcerer hits you with a +0 short sword!
* * * LOW HITPOINT WARNING * * *
The deep elf sorcerer hits you with a +0 dagger.
* * * LOW HITPOINT WARNING * * *
The deep elf sorcerer gestures at you while chanting.
The bolt of acid hits you!!!
You die...

,,,,,,,,,,,,**,,**,,#####.#
#.#
,,8,,,8,,,***,,,,**,#.....#
#.#
*,,,,,,,***,,,,...#.#######
#.#
****+****,,,,,,,....######
#.#
,,,,,,,,,,,,,*,,....#....#
#.#
,8,,8,,8,,,,,,*,,.....##.#
#.#
,,,,,,,,,,,,,,,,,.....##.#
#.#
**********########..#**#.#
#.# #..#..Ye..# #.# #.#
#.#..[ee..# #.# #.#
#..!..[...# #.# #.#
#..#.##.### #.# #.###
#..#.# ## #.# #...#
##..#.### #.# ###.# ######
#.......#######.# #.#
.....# #...........<...#
#.# ####.#
#.......######### #.#


You could see a ghostly deep elf death mage and 2 deep elf sorcerers.

Vanquished Creatures
  Jorgrun (D:11)
  Mlioglotl (Lair:4)
  Frances (Elf:1)
  4 emperor scorpions
  2 deep elf sorcerers
  An orc warlord (Orc:1)
  3 deep elf elementalists (Elf:3)
  A stone giant (D:10)
  2 deep elf annihilators
  A dire elephant (D:15)
  4 entropy weavers
  2 deep elf death magi (Elf:3)
  A blizzard demon (Abyss:2)
  A merfolk impaler (Lair:3)
  5 hydras
  A great orb of eyes (D:15)
  11 boulder beetles
  Erolcha (D:11)
  4 ogre magi
  2 catoblepae (Lair:2)
  4 centaur warriors
  A death yak (Lair:6)
  Erica (D:8)
  A jorogumo (Spider:1)
  19 two-headed ogres
  12 dancing weapons
  2 orc high priests
  A thrashing horror (Abyss:2)
  7 deep elf knights
  3 wretched stars (Abyss:2)
  3 skeletal warriors (D:14)
  A sea snake (Lair:3)
  2 sun moths
  3 pharaoh ants
  12 steelbarb worms
  14 deep elf archers
  3 orb spiders
  A death drake (Abyss:2)
  A large abomination (Abyss:2)
  4 orc knights
  A lindwurm (Lair:4)
  20 deep elf pyromancers
  4 wizards
  20 deep elf zephyrmancers
  18 wolf spiders
  2 orc sorcerers
  7 ugly things
  5 cyclopes
  8 manticores
  A faun (Shoals:1)
  2 moths of wrath
  A worldbinder (Abyss:2)
  6 black mambas
  5 elephants
  A merfolk siren (Lair:3)
  A water nymph (Shoals:1)
  2 ice statues (IceCv)
  A smoke demon (Abyss:2)
  8 torpor snails
  18 cane toads
  A gargoyle (D:12)
  13 demonic crawlers
  4 orange demons (Elf:2)
  6 rime drakes
  A komodo dragon (shapeshifter) (Elf:2)
  10 komodo dragons
  A kobold demonologist (D:12)
  A tengu conjurer (D:10)
  A freezing wraith (Abyss:2)
  An ancient zyme (Abyss:2)
  29 meliai
  A troll (shapeshifter) (Elf:2)
  7 trolls
  4 merfolk
  4 tyrant leeches (Lair:6)
  3 hornets
  3 polar bears
  A raiju (shapeshifter) (D:14)
  13 tarantellas
  27 blink frogs
  13 slime creatures
  14 culicivoras
  A dire elephant simulacrum (Abyss:2)
  2 air elementals
  9 jumping spiders
  2 shadows
  4 water elementals
  4 wyverns
  5 wraiths
  34 yaks
  A yak (shapeshifter) (D:14)
  2 fire elementals
  29 redbacks
  3 basilisks
  A death yak simulacrum (IceCv)
  25 vampire mosquitoes
  2 steam dragons
  3 wargs
  3 small abominations (Abyss:2)
  13 water moccasins
  6 acid dragons
  Duvessa (D:7)
  An ice beast (D:4)
  46 orc warriors
  A hornet zombie (D:8)
  3 necrophages
  A sky beast (D:7)
  17 wolves
  9 ogres
  A phantom (D:7)
  27 centaurs
  16 bullfrogs
  2 gnoll sergeants
  A water moccasin zombie (D:5)
  An earth elemental (Elf:1)
  16 scorpions
  Dowan (D:7)
  A water moccasin skeleton (D:5)
  15 killer bees
  3 wights
  4 howler monkeys
  3 hounds
  A gnoll shaman (D:7)
  14 orc priests
  A bullfrog skeleton (D:5)
  A jelly (D:4)
  2 iguanas
  21 orc wizards
  A polar bear simulacrum (IceCv)
  A wolf simulacrum (IceCv)
  A centaur simulacrum (D:10)
  5 howler monkey zombies
  Robin (D:2)
  13 gnolls
  A howler monkey skeleton (D:7)
  6 adders
  A shadow imp (Abyss:2)
  12 white imps
  An adder skeleton (D:4)
  A worm (D:2)
  The ghost of Ichoitic the Sneak, a weakling FoDe (D:15)
  5 dart slugs
  90 orcs
  6 endoplasms
  3 giant cockroaches
  18 goblins
  5 hobgoblins
  2 jackals (D:4)
  2 quokkas
  4 ball pythons
  4 bats
  4 frilled lizards
  6 kobolds
  4 rats
  A lurking horror (Abyss:2)
991 creatures vanquished.

Vanquished Creatures (others)
  A catoblepas (Lair:6)
  A jorogumo (Spider:4)
  A radroach (Spider:3)
  A deep elf knight (Elf:1)
  2 deep elf zephyrmancers (Elf:1)
  A wolf spider (Spider:1)
  A manticore (D:12)
  A cyclops (D:12)
  A troll (D:12)
  2 tarantellas (Spider:4)
  A wraith (D:12)
  3 yaks
  2 redbacks
  A water moccasin (Lair:2)
  An orc warrior (Orc:2)
  A bullfrog (Lair:2)
  A white imp (Orc:1)
  An orc (Orc:1)
  33 fungi
  A lurking horror (Abyss:2)
  69 plants
  4 starspawn tentacles (Abyss:2)
  6 toadstools (Lair:2)
136 creatures vanquished.

Grand Total: 1127 creatures vanquished

Notes
Turn   | Place    | Note
-------+----------+-------------------------------------------
     0 | D:1      | Duralumin the Draconian Transmuter began the quest for the
                  | Orb.
     0 | D:1      | Reached XP level 1. HP: 16/16 MP: 3/3
   560 | D:1      | Reached XP level 2. HP: 22/23 MP: 3/5
  1109 | D:2      | Identified the +6 spear of Division {antimagic, rF+ rN++
                  | Dex-3}
  1161 | D:2      | Learned a level 2 spell: Wereblood
  1236 | D:2      | Reached skill level 4 in Unarmed Combat
  1429 | D:2      | Reached XP level 3. HP: 17/28 MP: 4/6
  1659 | D:2      | Noticed Robin
  1673 | D:2      | Killed Robin
  1883 | D:2      | Reached XP level 4. HP: 32/35 MP: 3/7
  1885 | D:2      | Reached skill level 5 in Unarmed Combat
  2485 | D:3      | Found a faded altar of an unknown god.
  2505 | D:3      | Prayed at the altar of an unknown god.
  2505 | D:3      | Became a worshipper of Elyvilon the Healer
  2505 | D:3      | Reached * piety under Elyvilon
  2544 | D:3      | Reached XP level 5. HP: 8/40 MP: 9/9
  2544 | D:3      | HP: 3/60 [orc/+0 mace (5)]
  2968 | D:3      | You fall into a shaft and drop 2 floors!
  2968 | D:5      | Entered Level 5 of the Dungeon
  3561 | D:4      | Found a staircase to the Ecumenical Temple.
  3598 | Temple   | Entered the Ecumenical Temple
  3640 | Temple   | Learned a level 3 spell: Spider Form
  3645 | Temple   | Learned a level 4 spell: Ice Form
  3709 | D:4      | Reached XP level 6. HP: 46/47 MP: 11/11
  3710 | D:4      | Reached ** piety under Elyvilon
  3764 | D:4      | Found a glowing golden altar of the Shining One.
  3986 | D:3      | Found a stormy altar of Qazlal.
  4553 | D:4      | HP: 2/40 [wight/+1 falchion of draining (4)]
  5221 | D:5      | Found Ceiduisa's Book Boutique.
  5255 | D:5      | Noticed an ice beast
  5302 | D:4      | Killed an ice beast
  5303 | D:4      | Your scales start taking on a dull iron-grey colour.
  5303 | D:4      | Reached XP level 7. HP: 18/52 MP: 13/13
  5972 | D:5      | Reached skill level 5 in Transmutations
  5973 | D:5      | Reached skill level 5 in Spellcasting
  6741 | D:6      | Reached *** piety under Elyvilon
  6745 | D:6      | Noticed a steam dragon
  6759 | D:6      | Killed a steam dragon
  6760 | D:6      | Reached XP level 8. HP: 32/59 MP: 6/15
  7023 | D:6      | Reached skill level 5 in Ice Magic
  7057 | D:6      | Reached skill level 1 in Invocations
  7322 | D:6      | Reached skill level 5 in Invocations
  7489 | D:7      | Noticed Dowan
  7503 | D:7      | Killed Dowan
  7510 | D:7      | Noticed Duvessa
  7531 | D:7      | Killed Duvessa
  7532 | D:7      | Reached skill level 6 in Unarmed Combat
  7532 | D:7      | Reached XP level 9. HP: 41/64 MP: 16/16
  7709 | D:7      | Identified the +0 pair of gloves of Nekhlent {rC++}
  7759 | D:7      | Reached skill level 7 in Unarmed Combat
  7917 | D:7      | Reached **** piety under Elyvilon
  7935 | D:7      | Identified the +2 rapier "Lubongi" {venom, rF++ Str+2}
  8177 | D:7      | Reached skill level 8 in Unarmed Combat
  8740 | D:8      | Noticed Erica
  8740 | D:8      | Noticed a centaur warrior
  8751 | D:8      | Killed Erica
  8752 | D:8      | Reached skill level 9 in Unarmed Combat
  8757 | D:8      | Killed a centaur warrior
  8758 | D:8      | Reached skill level 10 in Unarmed Combat
  8758 | D:8      | Reached XP level 10. HP: 15/77 MP: 12/17
  9453 | D:8      | Found a radiant altar of Vehumet.
  9479 | D:8      | Reached skill level 5 in Fighting
  9672 | D:8      | Found a staircase to the Lair.
 10229 | Lair:1   | Entered Level 1 of the Lair of Beasts
 10400 | Lair:1   | Noticed a cane toad
 10414 | Lair:1   | Killed a cane toad
 10512 | Lair:1   | Reached skill level 5 in Dodging
 10569 | Lair:1   | Identified the +4 dagger "Fun Noer" {spect, rCorr Dex+2}
 11268 | Lair:2   | Reached skill level 11 in Unarmed Combat
 11374 | Lair:2   | Reached XP level 11. HP: 86/86 MP: 3/18
 11640 | Lair:2   | Reached skill level 12 in Unarmed Combat
 12054 | Lair:2   | Noticed an eight-headed hydra
 12132 | Lair:2   | Killed an eight-headed hydra
 12574 | Lair:2   | Reached skill level 13 in Unarmed Combat
 12890 | Lair:2   | Noticed a catoblepas
 12890 | Lair:2   | Noticed a catoblepas
 12890 | Lair:2   | Found the +2 Maxwell's thermic engine {flame, freeze}
 12917 | Lair:2   | Found a runed translucent door.
 13692 | Lair:3   | Noticed a four-headed hydra
 13702 | Lair:3   | Killed a four-headed hydra
 13743 | Lair:3   | Reached skill level 14 in Unarmed Combat
 13769 | Lair:3   | Noticed a six-headed hydra
 13775 | Lair:3   | Killed a six-headed hydra
 14071 | Lair:3   | Found a staircase to the Shoals.
 14193 | Lair:3   | Reached XP level 12. HP: 94/94 MP: 14/19
 14910 | Lair:4   | Found a hole to the Spider Nest.
 15094 | Lair:4   | Reached skill level 15 in Unarmed Combat
 16185 | Lair:5   | Noticed an eight-headed hydra
 16186 | Lair:5   | Pacified an eight-headed hydra
 16209 | Lair:5   | Noticed a six-headed hydra
 16419 | Lair:5   | Reached ***** piety under Elyvilon
 16566 | Lair:5   | Pacified a six-headed hydra
 17175 | Lair:6   | Entered Level 6 of the Lair of Beasts
 17223 | Lair:6   | Noticed a death yak
 17223 | Lair:6   | Noticed a death yak
 17223 | Lair:6   | Noticed a death yak
 17223 | Lair:6   | Noticed a death yak
 17340 | Lair:5   | Reached skill level 10 in Fighting
 17991 | Lair:6   | Reached skill level 10 in Invocations
 17996 | Lair:6   | Reached XP level 13. HP: 113/113 MP: 13/20
 19040 | Lair:6   | Reached skill level 16 in Unarmed Combat
 19826 | Lair:6   | Identified the +1 robe of Ifeutekih {rCorr Int+3 Dex-2}
 19887 | Lair:6   | Reached skill level 17 in Unarmed Combat
 20100 | Lair:6   | Found a viscous altar of Jiyva.
 20100 | Lair:6   | Noticed an acid blob
 20101 | Lair:6   | Found a runed translucent door.
 20104 | Lair:6   | Found a staircase to the Slime Pits.
 20877 | D:9      | Reached skill level 1 in Shields
 21319 | D:10     | Entered Level 10 of the Dungeon
 21362 | D:10     | Reached XP level 14. HP: 115/121 MP: 19/23
 21752 | D:10     | Found Tixa's General Store.
 21755 | D:10     | Bought a scroll of magic mapping for 42 gold pieces
 21755 | D:10     | Bought a scroll of enchant armour for 90 gold pieces
 22139 | D:10     | Identified the amulet "Coibb" {Reflect Harm rF- Int+5
                  | Slay+2 SH+5}
 22254 | D:10     | Paralysed by an ogre mage for 4 turns
 22398 | D:10     | Found a broken altar of Ashenzari.
 22475 | D:10     | Reached skill level 5 in Shields
 22655 | D:10     | Noticed a stone giant
 22657 | D:10     | Killed a stone giant
 23176 | D:11     | Noticed Erolcha
 23195 | D:11     | Reached skill level 18 in Unarmed Combat
 23202 | D:11     | Killed Erolcha
 24064 | D:11     | Found a staircase to the Orcish Mines.
 24252 | Orc:1    | Entered Level 1 of the Orcish Mines
 24271 | Orc:1    | Noticed Jorgrun
 24291 | D:11     | Killed Jorgrun
 24583 | Orc:1    | Noticed an orc warlord
 24608 | Orc:1    | Killed an orc warlord
 24610 | Orc:1    | Elyvilon protects you from harm!
 24612 | Orc:1    | HP: 7/271 [orc warrior/+0 battleaxe[an orc warlord] (21)]
 24617 | Orc:1    | HP: 13/271 [white imp (1)]
 24619 | Orc:1    | HP: 5/181 [orc/+0 hand axe[an orc warlord] (5)]
 24657 | Orc:1    | Found a frozen archway.
 24675 | IceCv    | Entered an ice cave
 24676 | IceCv    | Found a transporter.
 24881 | IceCv    | Found a transporter.
 25735 | Orc:2    | Entered Level 2 of the Orcish Mines
 27342 | Orc:2    | Found Xoju's Armour Emporium.
 27342 | Orc:2    | Found Vuetyj's Antique Weapon Shop.
 27344 | Orc:2    | Found Diexkeimn's General Store.
 27346 | Orc:2    | Found Ceimn's Distillery.
 27366 | Orc:2    | Bought a +2 cloak of preservation for 344 gold pieces
 27382 | Orc:2    | Bought a potion of experience for 800 gold pieces
 27383 | Orc:2    | Reached skill level 19 in Unarmed Combat
 27383 | Orc:2    | Reached XP level 15. HP: 125/126 MP: 25/25
 27390 | Orc:2    | Bought a potion of resistance for 140 gold pieces
 27390 | Orc:2    | Bought a potion of brilliance for 56 gold pieces
 27756 | Orc:2    | Found Soupet's Armour Shop.
 27783 | Orc:2    | Found a staircase to the Elven Halls.
 28353 | D:5      | Bought a book of Cantrips for 132 gold pieces
 28356 | D:5      | Learned a level 1 spell: Apportation
 28498 | D:11     | Reached XP level 16. HP: 52/134 MP: 17/26
 29366 | D:12     | Reached skill level 20 in Unarmed Combat
 29385 | D:12     | Reached skill level 1 in Translocations
 30238 | D:12     | Cast into level 2 of the Abyss (a wizard)
 30265 | D:12     | Escaped the Abyss
 30427 | D:13     | Found a gate to the Vaults.
 30438 | D:13     | Reached skill level 5 in Translocations
 30750 | D:13     | Found Icellun's Overcharged Wands.
 31091 | D:13     | Learned a level 3 spell: Frozen Ramparts
 32083 | D:14     | Reached ****** piety under Elyvilon
 32134 | D:14     | Found a hide-covered altar of Uskayaw.
 32682 | D:15     | Entered Level 15 of the Dungeon
 34324 | D:15     | Found a staircase to the Depths.
 34345 | D:15     | Found a runed translucent door.
 34346 | D:15     | Noticed Ichoitic's ghost (weakling FoDe)
 34354 | D:15     | Killed Ichoitic's ghost
 35058 | Spider:1 | Entered Level 1 of the Spider Nest
 35292 | Spider:1 | Paralysed by a jorogumo for 3 turns
 35297 | Spider:1 | Noticed Mlioglotl
 35320 | Lair:4   | Noticed a tentacled starspawn
 35321 | Lair:4   | Killed Mlioglotl
 36170 | Spider:1 | Reached skill level 15 in Invocations
 36184 | Spider:1 | Reached XP level 17. HP: 126/146 MP: 24/28
 39263 | Spider:3 | Reached skill level 15 in Fighting
 39977 | Spider:4 | Entered Level 4 of the Spider Nest
 42195 | Spider:4 | Learned a level 3 spell: Ozocubu's Armour
 42670 | Spider:3 | Upgraded the game from 0.28.0-47-ge53b351184 to
                  | 0.28.0-49-g6dfe1f597d
 43056 | Spider:4 | Identified a scroll of acquirement
 43058 | Spider:4 | Acquired 1068 gold pieces
 43149 | Spider:4 | Reached skill level 21 in Unarmed Combat
 43711 | Spider:4 | Got a gossamer rune of Zot
 43930 | Shoals:1 | Entered Level 1 of the Shoals
 43994 | Shoals:1 | Reached XP level 18. HP: 79/166 MP: 22/29
 44795 | Shoals:1 | Acquired the ring of Exiuc {rF+ rCorr Str-5 Int+7 SInv}
 45076 | Elf:1    | Entered Level 1 of the Elven Halls
 46070 | Elf:1    | Got the Guide on Attacks
 46447 | Elf:1    | Noticed Frances
 46472 | Elf:1    | Killed Frances
 46487 | Elf:1    | Reached skill level 22 in Unarmed Combat
 47992 | Elf:2    | Found a large runed translucent door.
 47992 | Elf:2    | Found a large runed translucent door.
 48017 | Elf:2    | Found a large runed translucent door.
 48017 | Elf:2    | Found a large runed translucent door.
 49365 | Elf:3    | Entered Level 3 of the Elven Halls
 49781 | Elf:3    | Reached skill level 23 in Unarmed Combat
 49846 | Elf:3    | Cast into level 2 of the Abyss (a deep elf sorcerer)
 49846 | Abyss:2  | Found a corrupted altar of Lugonu.
 49972 | Abyss:2  | Noticed a bone dragon
 49988 | Elf:3    | Escaped the Abyss
 50400 | Elf:3    | Paralysed by an air elemental for 1 turns
 50959 | Elf:3    | Cast into level 2 of the Abyss (a deep elf sorcerer)
 51147 | Abyss:2  | HP: 7/166 [starcursed mass/accursed screaming (8)]
 51359 | Abyss:2  | Found a corrupted altar of Lugonu.
 51411 | Abyss:2  | Paralysed by accursed screaming for 1 turns
 51460 | Elf:3    | Escaped the Abyss
 51465 | Elf:3    | HP: 4/181 [ghostly deep elf death mage/bolt of negative
                  | energy (27)]
 51467 | Elf:3    | Killed from afar by a deep elf sorcerer

Illustrated notes

Levels and vault maps discovered:
D:1:      dpeg_arrival_short_road, layout_loops_corners
D:2:      layout_loops_cross, minmay_surrounded, uniq_robin
D:3:      layout_basic, nicolae_qazlal_scattered_showers,
          shapermc_ecumenical_altar_mp_highgroup
D:4:      layout_basic, mainiacjoe_overflow_tiny_flanked,
          minmay_temple_entry_antechambers, minmay_misc_feat_chi,
          minmay_bisected
D:5:      layout_basic, serial_shops, shop, guppyfry_early_orc_mine
D:6:      layout_rooms
D:7:      layout_loops_ring, minivault_5, uniq_duvessa
D:8:      minmay_evil_eye, layout_basic,
          mainiacjoe_overflow_concentric_impassable, dpeg_oklobed_lair,
          minmay_stone_trees_small, uniq_erica
D:9:      layout_roguey
D:10:     minmay_cut_squares, layout_stronghold, ashenzari_altar_1,
          serial_shops, kennysheep_mini, kennysheep_just_a_vault
D:11:     layout_basic, orc_0_dummy, lightli_minifort, uniq_erolcha
D:12:     minmay_razor_zed, layout_basic, minmay_the_grid_square_5x5_3x3_mashed
          [minmay_the_grid_square_5x5_doubleslash,
          minmay_the_grid_square_5x5_hollow_slash,
          minmay_the_grid_square_5x5_sharp_hourglass,
          minmay_the_grid_square_5x5_fancy_junction,
          minmay_the_grid_square_5x5_megaprize_hollow,
          minmay_the_grid_square_5x5_seven, minmay_the_grid_square_5x5_two,
          minmay_the_grid_square_5x5_inner_v,
          minmay_the_grid_square_5x5_dogpile]
D:13:     layout_irregular_city, david_vaults_2, nicolae_shop_overcharged_wands
D:14:     layout_gridville, nicolae_uskayaw_dance_hall
D:15:     hangedman_depths_entry_try_elsewhere_first, layout_layer_cave,
          gammafunk_ghost_grave
Temple:   compressed_dpeg_circular_temple
Lair:1:   layout_cave_pods, grunt_megastairs_4
Lair:2:   gammafunk_lair_enchanted_lake, layout_cave_pods
Lair:3:   layout_loops_ring, elwin_shoals_entry_rooms
Lair:4:   layout_concentric_octagons, nicolae_spider_entry_non_spiders,
          lemuel_fruit_fields
Lair:5:   layout_hall_layers, grunt_forest_stairs_basic
Lair:6:   minmay_lair_end_frog_pond, layout_hall_layers, slime_altar_2,
          infiniplex_staircase_pool_2
Shoals:1: layout_shoals, nicolae_shoals_kraken_intersection
Spider:1: layout_spider_delve, hangedman_spider_tarantella_strand,
          uniq_mlioglotl
Spider:2: layout_spider_delve
Spider:3: layout_spider_delve
Spider:4: hellmonk_spider_rune_bug_friends
Orc:1:    minmay_goldmine, layout_caves, portal_ice_cave_entry_imps,
          uniq_jorgrun
Orc:2:    st_orc_rangers, layout_diamond_mine, serial_shops,
          nicolae_shop_advertising_works [nicolae_subvault_shop_adworks]
Elf:1:    minmay_elf_arrival_summoners, layout_geoelf_octagon,
          minmay_elf_annihilation, uniq_frances
Elf:2:    elven_hall_of_blades_hangedman_alternative
          [nicolae_blade_entry_splitting_headache], layout_onion_city,
          einodemon_barbed_minivault
Elf:3:    minmay_elf_hall_statues, layout_loops_ring

Skill      XL: |  1  2  3  4  5  6  7  8  9 10 11 12 13 14 15 16 17 18 |
---------------+-------------------------------------------------------+-----
Unarmed Combat | 4 5 6 10 11 14 15 17 19 20 21 23 | 23.0
Spellcasting   | 3 4 5 7 8 |  8.1
Transmutations | 3 4 5 7 |  7.5
Ice Magic      | 4 5 |  5.3
Invocations    | 5 6 7 10 12 15 | 15.0
Fighting       | 3 5 10 12 16 | 16.1
Dodging        | 5 |  5.0
Shields        | 2 5 |  5.1
Translocations | 5 |  5.1

Action                   |  1- 3 |  4- 6 |  7- 9 | 10-12 | 13-15 | 16-18 || total
-------------------------+-------+-------+-------+-------+-------+-------++-------
Melee: Unarmed           |    83 |   142 |   240 |   352 |   804 |  1389 ||  3010
       Kick              |    16 |    45 |    42 |    13 |    36 |   208 ||   360
       Tailslap          |     7 |    25 |    20 |     7 |    23 |   110 ||   192
       Headbutt          |     4 |    16 |    28 |     5 |    19 |   137 ||   209
       Punch             |     4 |     4 |    10 |     2 |     3 |       ||    23
       Staff             |       |       |       |       |     1 |    20 ||    21
 Cast: Beastly Appendage |    25 |    32 |    22 |     6 |     8 |    62 ||   155
       Wereblood         |     3 |     8 |     6 |    14 |    13 |     9 ||    53
       Spider Form       |       |     1 |       |       |       |     1 ||     2
       Ice Form          |       |       |     7 |    44 |    57 |    91 ||   199
       Apportation       |       |       |       |       |       |    17 ||    17
       Frozen Ramparts   |       |       |       |       |       |    22 ||    22
       Ozocubu's Armour  |       |       |       |       |       |    24 ||    24
Invok: Purification      |       |     1 |     2 |     1 |       |    10 ||    14
       Heal Other        |       |       |     1 |    28 |    11 |    29 ||    69
       Heal Self         |       |       |     1 |     2 |     9 |    17 ||    29
       Divine Vigour     |       |       |       |       |     1 |       ||     1
 Abil: End Transformatio |       |       |       |       |     2 |     4 ||     6
Evoke: Wand              |       |       |       |     1 |       |     1 ||     2
  Use: Potion            |     1 |     3 |     1 |     3 |     2 |    12 ||    22
       Scroll            |       |     3 |     2 |    13 |     7 |    10 ||    35
 Stab: Sleeping          |       |     1 |       |       |       |     2 ||     3
       Petrified         |       |       |       |       |     5 |       ||     5
       Distracted        |       |       |       |       |     2 |       ||     2
Armor: Skin              |    24 |    44 |   112 |   123 |   345 |   575 ||  1223
Dodge: Dodged            |    37 |    64 |   121 |   134 |   445 |   608 ||  1409
Block: Buckler           |       |       |       |       |    31 |   128 ||   159
